Map: Ever Dream LE

Players

Astrea

  • Race: Protoss Protoss
  • League: Master
  • Spawn Location: 7:00

uwuThermal (uThermal) - Winner!

  • Race: Terran Terran
  • League: Master
  • Spawn Location: 1:00

VOD

https://youtu.be/POWKm3BrRuY

Description

Time

  • Played on: Aug. 11, 2020, 5:17 p.m.
  • Length: 7:20
Show
View Real Time Build Order
Export as new Build Order

Astrea Protoss 

Build Orders: 1 Gate Expand, Blink Stalkers 

Get SALT Encoding   

  12  0:00  Probe  
  13  0:12  Probe  
  14  0:17  Pylon  
  14  0:24  Probe (Chrono Boost)  
  15  0:36  Gateway, Probe (Chrono Boost)  
  16  0:44  Probe (Chrono Boost)  
  16  0:45  Assimilator  
  17  0:50  Probe  
  18  1:03  Probe  
  19  1:15  Probe  
  20  1:26  Cybernetics Core  
  20  1:31  Nexus  
  20  1:35  Probe  
  21  1:41  Pylon  
  21  1:47  Probe  
  21  1:50  Assimilator  
  22  1:59  Probe  
  22  2:00  Adept (Chrono Boost)  
  23  2:03  Warp Gate  
  25  2:12  Probe  
  26  2:20  Stalker (Chrono Boost)  
  26  2:24  Probe  
  29  2:33  Twilight Council  
  29  2:36  Probe  
  30  2:42  Stalker  
  32  2:44  Probe  
  32  2:48  Probe  
  34  2:56  Probe (Chrono Boost)  
  33  2:58  Pylon  
  34  3:06  Probe (Chrono Boost)  
  34  3:08  Probe (Chrono Boost)  
  35  3:12  Stalker  
  35  3:13  Probe (Chrono Boost)  
  35  3:14  Probe (Chrono Boost)  
  35  3:17  Shield Battery  
  35  3:19  Blink (Chrono Boost)  
  38  3:23  Probe  
  38  3:26  Probe  
  40  3:35  Gateway  
  40  3:37  Probe  
  40  3:41  Probe  
  40  3:49  Probe  
  40  3:52  Robotics Facility  
  40  3:53  Probe  
  40  3:55  Stalker  
  44  3:58  Pylon  
  44  4:02  Probe  
  45  4:04  Gateway  
  45  4:05  Probe  
  46  4:14  Probe  
  47  4:17  Probe  
  47  4:20  Assimilator  
  47  4:21  Assimilator  
  47  4:22  Stalker  
  50  4:28  Probe, Pylon  
  50  4:29  Probe, Stalker  
  54  4:40  Observer  
  54  4:41  Probe, Pylon  
  54  4:44  Probe  
  57  4:48  Stalker  
  57  4:51  Pylon  
  59  4:56  Robotics Bay  
  59  5:02  Observer (Chrono Boost)  
  60  5:10  Shield Battery  
  60  5:14  Stalker x3  
  66  5:22  Probe x2  
  66  5:28  Pylon  
  68  5:34  Immortal  
  68  5:35  Shield Battery  
  71  5:37  Stalker x3  
  59  5:57  Probe  
  59  5:59  Probe  
  59  6:00  Stalker x2  
  59  6:01  Stalker  
  42  6:17  Probe  
  43  6:20  Probe  
  43  6:25  Stalker x3  
  48  6:34  Probe  
  51  6:40  Pylon  
  51  6:42  Probe  
  48  6:48  Stalker x2  
  48  6:54  Gateway  
  52  6:58  Probe x2  
Show
View Real Time Build Order
Export as new Build Order

uwuThermal Terran - Winner!

Build Orders:  

Get SALT Encoding   

  12  0:01  SCV  
  13  0:13  SCV  
  14  0:17  Supply Depot  
  14  0:25  SCV  
  15  0:28  Refinery  
  15  0:39  SCV  
  16  0:44  Barracks  
  16  0:51  SCV  
  16  0:54  Refinery  
  17  1:03  SCV  
  18  1:15  SCV  
  19  1:33  Orbital Command, Reaper  
  19  1:37  Factory  
  20  1:48  Supply Depot  
  20  1:58  SCV  
  21  2:05  Reaper  
  22  2:10  SCV  
  23  2:20  Hellion  
  26  2:22  SCV  
  26  2:29  Command Center  
  26  2:34  SCV  
  27  2:38  Reaper  
  27  2:42  Hellion  
  30  2:45  Supply Depot  
  30  2:49  SCV  
  30  2:56  Starport  
  30  3:01  SCV  
  30  3:04  Factory Tech Lab  
  31  3:12  Barracks Reactor  
  31  3:23  Siege Tank  
  34  3:30  Barracks  
  34  3:31  Barracks  
  34  3:33  Starport Tech Lab  
  34  3:41  SCV  
  34  3:48  Orbital Command  
  33  3:49  Marine x2  
  33  3:55  Siege Tank  
  37  4:04  Banshee  
  37  4:07  Marine x2  
  42  4:17  Supply Depot  
  42  4:18  Marine x2  
  44  4:25  Marine x2  
  44  4:29  Siege Tank  
  49  4:36  Marine, Supply Depot  
  49  4:37  Marine  
  51  4:41  SCV  
  51  4:45  Marine x2  
  54  4:49  Banshee  
  57  4:56  Marine x2  
  57  4:57  Supply Depot  
  59  5:04  Marine x2  
  61  5:09  Siege Tank  
  61  5:14  Marine  
  64  5:16  Marine  
  64  5:17  Supply Depot  
  66  5:22  Marine x2  
  68  5:31  Marine  
  68  5:33  Banshee  
  72  5:41  Marine  
  73  5:44  Marine  
  67  5:55  Marine  
  64  5:59  Marine  
  64  6:01  Marine  
  64  6:02  Marine  
  58  6:06  Siege Tank  
  57  6:13  Marine  
  57  6:16  Marine  
  57  6:18  Banshee  
  62  6:22  Marine x2  
  63  6:31  Marine  
  64  6:34  Marine  
  62  6:40  Marine x2  
  62  6:44  Siege Tank  
  67  6:49  Marine  
  67  6:52  Marine  
  68  6:58  Marine x2  
Tags
 
Add a new tag
Caveats
  • Supply blocks, unpowered buildings, or Contaminate may cause inaccurate times.
  • Supply counts are checked every 10 seconds.